 Dungeon Crawl Stone Soup version 0.29.1-15-g9cfb28693d (webtiles) character file.

Game seed: 1650562063281166722

2699 Calibrex the Grappler (level 9, 0/89 HPs)
             Began as a Troll Berserker on Mar 13, 2023.
             Was a Priest of Trog.
             Slain by a yak (8 damage)
             ... on level 9 of the Dungeon.
             The game lasted 00:12:58 (6435 turns).

Calibrex the Grappler (Troll Berserker)             Turns: 6435, Time: 00:12:59

Health: 0/89       AC:  5    Str: 33    XL:     9   Next: 38%
Magic:  8/8        EV: 10    Int:  7    God:    Trog [***...]
Gold:   448        SH:  5    Dex:  9    Spells: 8/8 levels left

rFire   . . .      SeeInvis .     - Unarmed
rCold   . . .      Faith    .   A - orb {light}
rNeg    . . .      Spirit   .   a - +0 animal skin
rPois   .          Reflect  +   (helmet restricted)
rElec   .          Harm     .   B - +0 cloak
rCorr   .          Rampage  .   (gloves unavailable)
Will    +++..                   (boots unavailable)
Stlth   +.........              g - amulet of reflection
HPRegen 2.04/turn               c - +6 ring of strength
MPRegen 0.11/turn               l - ring of willpower

@: strong-willed, on berserk cooldown, regenerating, slowed, glowing, very slow
A: large, unfitting armour, claws 3, regeneration 1, shaggy fur 1, tough skin 1
a: Renounce Religion, Berserk, Trog's Hand


You were on level 9 of the Dungeon.
You worshipped Trog.
Trog was most pleased with you.
You visited 1 branch of the dungeon, and saw 9 of its levels.

You collected 448 gold pieces.

Inventory:

Missiles
 j - 8 poisoned darts (quivered)
Armour
 a - a +0 animal skin (worn)
 A - an orb of light (worn)
 B - a +0 cloak (worn)
Jewellery
 c - a +6 ring of strength (left claw)
 d - a +6 ring of intelligence
 f - an amulet of the acrobat
 g - an amulet of reflection (around neck)
 l - a ring of willpower (right claw)
 n - a ring of willpower
 t - a ring of willpower
 v - an amulet of magic regeneration
 w - an amulet of regeneration
Wands
 o - a wand of flame (15)
 p - a wand of paralysis (7)
Scrolls
 i - 6 scrolls of teleportation
 u - a scroll of amnesia {unknown}
 y - a scroll of fear {unknown}
 C - a scroll of enchant armour {unknown}
 E - a scroll of blinking {unknown}
Potions
 b - a potion of flight
 e - 2 potions of haste
 h - 2 potions of brilliance
 k - 3 potions of curing
 m - a potion of lignification {unknown}
 q - a potion of magic {unknown}
 r - a potion of berserk rage {unknown}
 z - 2 potions of attraction {unknown}
 D - 3 potions of heal wounds


   Skills:
 + Level 5.8 Fighting
 + Level 3.1 Dodging
 + Level 5.4 Shields
 * Level 9.6 Unarmed Combat


You had 8 spell levels left.
You didn't know any spells.
Your spell library was empty.

Dungeon Overview and Level Annotations

Branches:
Dungeon (9/15)             Temple (0/1) D:7            Lair (0/5) D:8
    Orc: D:9-12

Altars:
Gozag
Qazlal
Trog
Vehumet
Wu Jian
Zin


Innate Abilities, Weirdness & Mutations

You are too large for most types of armour.
You have claws for hands.
Your natural rate of healing is unusually fast.
You are covered in fur. (AC +1)
You have tough skin. (AC +1)


Message History

You block the yak's attack. The yak gores you but does no damage.
You mangle the yak!!
You kill the yak!
Trog accepts your kill. The yak barely misses you.
Your Dodging skill increases to level 3!
You scratch the yak but do no damage. You block the yak's attack.
You scratch the yak.
The yak is lightly wounded.
The yak gores you! You block the yak's attack. The yak gores you!
You mangle the yak!!
The yak is heavily wounded.
The yak gores you but does no damage. You block the yak's attack.
You mangle the yak!!
You kill the yak!
Trog accepts your kill. The yak barely misses you.
You scratch the yak but do no damage. The yak gores you but does no damage.
The yak gores you!
You claw the yak!
The yak is heavily wounded.
You block the yak's attack. The yak barely misses you. The yak gores you. x2
You mangle the yak!!
The yak is almost dead.
The yak gores you! You block the yak's attack.
You are too injured to fight recklessly!
You are too injured to fight recklessly!
The yak attacks as you move away! The yak barely misses you.
You see here a howler monkey corpse.
The yak attacks as you move away! The yak gores you. The yak gores you!
* * * LOW HITPOINT WARNING * * *
The yak barely misses you.
Your skin crawls.
You feel strong-willed. The yak gores you!
* * * LOW HITPOINT WARNING * * *
The yak gores you!
* * * LOW HITPOINT WARNING * * *
The yak misses you. The yak gores you!
You die...

............
.......... #..#....
.....###
#.†...#######
#....#....).
#.†......#
#..YY....#
##..@.)..#
##)>..#####
##.)###..#####
######)).##..##<.##
#....)............#
##############....#
#....# #...## #####


You could see 2 yaks.

Vanquished Creatures
  A wyvern (D:7)
  2 yaks (D:9)
  A steam dragon (D:7)
  An acid dragon (D:8)
  2 water moccasins
  A sky beast (D:7)
  A black bear (D:6)
  3 ogres
  A phantom (D:7)
  A bullfrog (D:8)
  2 necrophages (D:7)
  2 gnoll sergeants
  3 scorpions
  A howler monkey (D:9)
  3 jellies
  2 hounds
  2 orc priests
  3 iguanas
  Ijyb (D:4)
  9 orc wizards
  Robin (D:3)
  13 gnolls
  3 adders
  An ufetubus (D:5)
  A worm (D:2)
  A dart slug (D:2)
  15 orcs
  7 endoplasms
  2 giant cockroaches
  15 goblins
  9 hobgoblins
  4 jackals (D:3)
  6 kobolds
  3 quokkas
  6 ball pythons
  4 bats
  4 frilled lizards
  5 rats
142 creatures vanquished.

Notes
Turn   | Place    | Note
-------+----------+-------------------------------------------
     0 | D:1      | Calibrex the Troll Berserker began the quest for the Orb.
     0 | D:1      | Reached XP level 1. HP: 22/22 MP: 0/0
   116 | D:1      | Reached XP level 2. HP: 26/29 MP: 1/1
   606 | D:2      | Reached XP level 3. HP: 36/36 MP: 2/2
   607 | D:2      | Reached ** piety under Trog
   685 | D:2      | Reached skill level 4 in Unarmed Combat
  1110 | D:3      | Found an ornate altar of the Wu Jian Council.
  1268 | D:3      | Reached XP level 4. HP: 45/45 MP: 3/3
  1307 | D:3      | Reached skill level 1 in Shields
  1354 | D:3      | Reached XP level 5. HP: 53/53 MP: 4/4
  1449 | D:3      | Noticed Robin
  1463 | D:3      | Killed Robin
  1813 | D:4      | Reached skill level 5 in Unarmed Combat
  2024 | D:4      | Noticed Ijyb
  2026 | D:4      | Killed Ijyb
  2027 | D:4      | Reached XP level 6. HP: 61/61 MP: 5/5
  2035 | D:4      | Found a bloodstained altar of Trog.
  2049 | D:4      | Reached *** piety under Trog
  2439 | D:4      | Found a radiant altar of Vehumet.
  2526 | D:5      | Entered Level 5 of the Dungeon
  2590 | D:5      | Reached skill level 6 in Unarmed Combat
  2985 | D:5      | Reached XP level 7. HP: 68/68 MP: 6/6
  3636 | D:6      | Reached skill level 7 in Unarmed Combat
  4518 | D:7      | Reached XP level 8. HP: 79/79 MP: 7/7
  4702 | D:7      | Reached skill level 8 in Unarmed Combat
  4749 | D:7      | Reached skill level 5 in Fighting
  4761 | D:7      | Found a staircase to the Ecumenical Temple.
  5027 | D:7      | Found a glowing silver altar of Zin.
  5263 | D:7      | Reached skill level 9 in Unarmed Combat
  5274 | D:7      | Reached XP level 9. HP: 48/88 MP: 8/8
  5583 | D:8      | Found a staircase to the Lair.
  5744 | D:8      | Found an opulent altar of Gozag.
  5812 | D:8      | Reached skill level 5 in Shields
  6206 | D:8      | Found a stormy altar of Qazlal.
  6435 | D:9      | Slain by a yak

Illustrated notes

Levels and vault maps discovered:
D:1:      heliophobic_arrival_ceremonial_halls, layout_basic
D:2:      layout_rooms
D:3:      layout_loops_ring, overflow_temple_1_default, st_stairs_14, uniq_robin
D:4:      layout_loops_ring, mainiacjoe_overflow_alcove_2, trog_hazing_becter,
          minmay_misc_feat_tiny, uniq_ijyb
D:5:      layout_cave_pods
D:6:      layout_basic, chequers_big_river, grunt_decor_mini_mirrors
D:7:      minmay_flawed_box, layout_basic, amcnicky_altar_gilded,
          minmay_temple_entry_proselytizer
D:8:      layout_loops_ring, grunt_gozag_breadcrumbs,
          nicolae_overflow_crystal_walls, lair_entry_dummy
D:9:      layout_cave_pools, cheibrodos_worm_habitat, erik_orc_1, special_room
          [special_room_bee]

Skill      XL: |  1  2  3  4  5  6  7  8  9 |
---------------+----------------------------+-----
Unarmed Combat | 4 5 6 7 9 |  9.6
Fighting       | 3 4 5 |  5.8
Shields        | 1 2 3 4 5 |  5.4
Dodging        | 3 |  3.1

Action                   |  1- 3 |  4- 6 |  7- 9 || total
-------------------------+-------+-------+-------++-------
Melee: Unarmed           |   110 |   123 |   165 ||   398
       Punch             |     1 |     1 |     2 ||     4
Throw: Dart              |       |     3 |     2 ||     5
Invok: Berserk           |       |     1 |     3 ||     4
       Trog's Hand       |       |       |     3 ||     3
  Use: Scroll            |     4 |       |     8 ||    12
Armor: Animal skin       |    32 |    26 |    35 ||    93
Dodge: Dodged            |    39 |    43 |    53 ||   135
Block: Other             |     4 |    25 |     3 ||    32
       Reflection        |       |     1 |       ||     1
       Orb               |       |       |    32 ||    32
